 Dungeon Crawl Stone Soup version 0.21-a0-203-gb066a6e (console) character file.

3445 Duffy the Destroyer (level 9, -6/52 HPs)
             Began as a Deep Elf Conjurer on Aug 19, 2017.
             Mangled by Grum
             ... wielding a +1 spear
              (18 damage)
             ... on level 7 of the Dungeon.
             The game lasted 00:16:35 (10085 turns).

Duffy the Destroyer (Deep Elf Conjurer)            Turns: 10085, Time: 00:16:37

Health: -6/52      AC:  5    Str:  5    XL:     9   Next: 77%
Magic:  20/22      EV: 15    Int: 24    God:
Gold:   494        SH:  0    Dex: 15    Spells: 8/22 levels left

rFire    . . .     SeeInvis .   g - +0 blowgun
rCold    . . .     Gourm    .   (no shield)
rNeg     + . .     Faith    .   a - +0 robe
rPois    .         Spirit   .   H - +0 helmet
rElec    .         Reflect  .   r - +0 cloak
rCorr    .         Harm     .   k - +0 pair of gloves
MR       .....                  (no boots)
Stlth    ++........             d - amulet of regeneration
HPRegen  0.57/turn              h - ring of flight
MPRegen  0.18/turn              q - ring of positive energy

@: about to teleport
A: no striking features
a: Evoke Flight


You were on level 7 of the Dungeon.
You were very hungry.

You visited 2 branches of the dungeon, and saw 9 of its levels.
You also visited: Sewer.

You collected 494 gold pieces.

Inventory:

Hand Weapons
 g - a +0 blowgun (weapon)
Armour
 a - a +0 robe (worn)
 k - a +0 pair of gloves (worn)
 l - the +4 ring mail "Boczadgh" {Regen+, unknown}
   (You found it on level 8 of the Dungeon)

   It increases your rate of regeneration.
 r - a +0 cloak (worn)
 H - a +0 helmet (worn)
Jewellery
 d - an amulet of regeneration (around neck)
 h - a ring of flight (left hand)
 q - a ring of positive energy (right hand)
Wands
 p - a wand of polymorph (9/24)
 x - a wand of lightning (5/15)
 G - a wand of polymorph (5/24)
 J - a wand of digging (24/24)
Scrolls
 j - 6 scrolls of teleportation
 o - 2 scrolls of remove curse
 w - a scroll of recharging
 y - 4 scrolls of blinking
 C - a scroll of magic mapping
Potions
 e - 2 potions of cancellation {unknown}
 f - 5 potions of agility {unknown}
 i - 7 potions of curing
 n - a potion of resistance {unknown}
 s - a potion of haste {unknown}
 u - 4 potions of might {unknown}
 v - 3 potions of invisibility {unknown}
 z - a potion of mutation {unknown}
 A - 2 potions of heal wounds {unknown}
 D - 2 potions of brilliance {unknown}
 E - 2 potions of magic {unknown}
 F - a potion of degeneration {unknown}
Books
 b - a book of Conjurations

   Spells                             Type                      Level
   a - Magic Dart                     Conjuration                  1
   b - Searing Ray                    Conjuration                  2
   c - Dazzling Spray                 Conjuration/Hexes            3
   d - Fulminant Prism                Conjuration/Hexes            4
   e - Force Lance                    Conjuration/Translocation    4
   f - Iskenderun's Mystic Blast      Conjuration                  4
 B - a book of Party Tricks

   Spells                             Type                      Level
   a - Summon Butterflies             Summoning                    1
   b - Apportation                    Translocation                1
   c - Lesser Beckoning               Translocation                3
   d - Tukima's Dance                 Hexes                        3
   e - Alistair's Intoxication        Transmutation/Poison         5
   f - Invisibility                   Hexes                        6
Comestibles
 c - 5 bread rations
 m - 2 meat rations


   Skills:
 + Level 4.3 Fighting
 - Level 5.8 Dodging
 - Level 2.4 Stealth
 - Level 7.4 Spellcasting
 - Level 8.8 Conjurations
 - Level 8.4 Hexes
 - Level 3.8 Summonings
 - Level 3.8 Translocations


You had 8 spell levels left.
You knew the following spells:

 Your Spells              Type           Power        Failure   Level  Hunger
a - Magic Dart            Conj           ####         1%          1    None
h - Iskenderun's Mystic   Conj           ######..     1%          4    ###....
j - Dazzling Spray        Conj/Hex       ######       1%          3    None
l - Fulminant Prism       Conj/Hex       ######....   1%          4    ###....
t - Summon Butterflies    Summ           ####....     1%          1    None
y - Apportation           Tloc           ####..       1%          1    None


Dungeon Overview and Level Annotations

Branches:
Dungeon (8/15)             Temple (1/1) D:5
   Lair: D:8-11

Altars:
Ashenzari
Dithmenos
Elyvilon
Fedhas
Gozag
Hepliaklqana
Nemelex Xobeh
Okawaru
Qazlal
Ru
Sif Muna
Trog
Uskayaw
Wu Jian
Xom
Yredelemnul
Zin

Annotations:
D:7 Grum


Message History

Grum hits you from afar with an enchanted spear!
There is a stone staircase leading up, spattered with blood here.
You see here 2 sling bullets.
Cast which spell? (? or * to list)
Aiming: Fulminant Prism
Press: ? - help, Dir - move target cursor, f - you
Okay, then.
You start resting.
Grum hits you with an enchanted spear!
You climb upwards.
There is a stone staircase leading down here.
Grum hits you with an enchanted spear!
Grum hits you from afar with an enchanted spear.
Press: ? - help, v - describe, . - travel
Here: Grum, wielding an enchanted spear and wearing an animal skin (lightly wounded)
The floor.
As you read the scroll of teleportation, it crumbles to dust.
You feel strangely unstable.
Grum hits you from afar with an enchanted spear!!
You die...

#######..........####
#><..................
#.#####.......(..#### #.#
#..........# #.#
############## #.# #....#
#.# #....#
#####.#############)...##
#.....g.@.........'.).)'.
#..[..........##.##....##
#.....#######.##.##....#
#...[.....# #.#...%..###
#......##.###.#......#
#......##.....#......#
#......########.....)#
######.# #......# #.#
#......#


You could see Grum.

Vanquished Creatures
  Joseph (D:8)
  Grinder (D:4)
  2 hippogriffs
  Sigmund (D:6)
  A yak (D:8)
  2 orc warriors
  3 ogres
  A sky beast (D:6)
  A wolf (D:7)
  3 centaurs
  A crocodile (D:8)
  2 big kobolds
  2 bullfrogs (D:6)
  A gnoll sergeant (D:8)
  3 wights (D:7)
  5 howler monkeys (D:7)
  2 crimson imps (D:5)
  An orc priest (D:6)
  A hound (D:5)
  Jessica (D:3)
  A gnoll shaman (D:7)
  An iguana (D:4)
  2 orc wizards (D:6)
  A worker ant zombie (D:8)
  6 gnolls
  10 adders
  6 river rats (Sewer)
  2 shadow imps (D:5)
  2 oozes
  2 adder skeletons
  3 worms
  2 dart slugs
  12 leopard geckos
  15 orcs
  6 ball pythons
  9 bats
  5 giant cockroaches
  10 goblins
  12 hobgoblins
  13 jackals
  A quokka (D:3)
  11 frilled lizards
  A jackal skeleton (D:3)
  16 kobolds
  A quokka skeleton (D:4)
  A quokka zombie (D:6)
  17 rats
203 creatures vanquished.

Vanquished Creatures (others)
  39 fulminant prisms
39 creatures vanquished.

Grand Total: 242 creatures vanquished

Notes
Turn   | Place    | Note
-------+----------+-------------------------------------------
     0 | D:1      | Duffy the Deep Elf Conjurer began the quest for the Orb.
     0 | D:1      | Reached XP level 1. HP: 10/10 MP: 6/6
   178 | D:1      | Reached XP level 2. HP: 15/15 MP: 5/8
   210 | D:1      | Learned a level 2 spell: Searing Ray
   757 | D:1      | Reached skill level 5 in Conjurations
   763 | D:1      | Reached XP level 3. HP: 19/19 MP: 1/10
   994 | D:1      | Learned a level 3 spell: Dazzling Spray
  1675 | D:2      | Reached skill level 1 in Hexes
  1881 | D:2      | Reached XP level 4. HP: 19/24 MP: 7/12
  2045 | D:2      | Learned a level 4 spell: Fulminant Prism
  2320 | D:3      | Noticed Jessica
  2431 | D:3      | Killed Jessica
  3166 | D:4      | Reached XP level 5. HP: 28/28 MP: 11/14
  3353 | D:4      | Found a glowing drain.
  3410 | Sewer    | Entered a sewer
  3454 | Sewer    | Reached skill level 5 in Spellcasting
  4012 | D:4      | Found a basalt altar of Yredelemnul.
  4104 | D:4      | Reached XP level 6. HP: 15/32 MP: 0/15
  4251 | D:4      | Learned a level 4 spell: Iskenderun's Mystic Blast
  4342 | D:4      | Noticed Grinder
  4342 | D:4      | Paralysed by Grinder for 4 turns
  4349 | D:4      | Paralysed by Grinder for 4 turns
  4949 | D:5      | Entered Level 5 of the Dungeon
  5040 | D:5      | Found a staircase to the Ecumenical Temple.
  5059 | Temple   | Entered the Ecumenical Temple
  5527 | D:5      | Found a shattered altar of Ashenzari.
  5773 | D:5      | Reached skill level 5 in Hexes
  5773 | D:5      | Reached XP level 7. HP: 34/36 MP: 12/17
  6538 | D:4      | Found a basalt altar of Yredelemnul.
  6664 | D:4      | Killed Grinder
  6955 | D:6      | Noticed Sigmund
  7033 | D:6      | Killed Sigmund
  7033 | D:6      | Reached XP level 8. HP: 41/41 MP: 14/19
  7044 | D:6      | Learned a level 1 spell: Summon Butterflies
  7046 | D:6      | Learned a level 1 spell: Apportation
  7874 | D:6      | Reached skill level 1 in Summonings
  7878 | D:6      | Reached skill level 1 in Translocations
  8211 | D:7      | Noticed a hippogriff
  8227 | D:7      | Killed a hippogriff
  8319 | D:7      | Reached XP level 9. HP: 45/45 MP: 14/22
  8581 | D:7      | Reached skill level 1 in Fighting
  9001 | D:7      | Found an iron altar of Okawaru.
  9632 | D:8      | Got a faintly humming ring mail
  9801 | D:8      | Noticed Joseph
  9843 | D:8      | Killed Joseph
  9843 | D:8      | Reached skill level 5 in Dodging
 10065 | D:8      | Noticed Grum
 10085 | D:7      | Mangled by Grum

Vault maps used:
D:1:      saegor_arrival_miasma, st_stairs_1, minmay_misc_feat_doors
D:2:      first_bread, grunt_ministairs_7, minmay_misc_feat_five,
          hangedman_decor_riveting
D:3:      minmay_cupped, uniq_jessica
D:4:      marbit_many_paths, gup_sewer_entry_pipe, uniq_grinder
D:5:      evilmike_ruin_ashenzari, minmay_temple_entry_purple_smoke,
          minivault_5, hangedman_decor_opposing
D:6:      uniq_sigmund
D:7:      kennysheep_okawaru_gauntlet, sigmund_army
D:8:      fiery_altar_vehumet, grunt_temple_overflow_open, david_lair_generic,
          basic_altar, serial_shops, shop_fountains, nicolae_shop_trees,
          kennysheep_little_box, uniq_psyche, uniq_joseph, uniq_grum, uniq_pikel
Temple:   eino_narrow_crystal_temple
Sewer:    sewer_co_cracked_pipes

Skill      XL: |  1  2  3  4  5  6  7  8  9 |
---------------+----------------------------+-----
Conjurations   | 5 6 7 8 |  8.8
Spellcasting   | 4 5 6 7 |  7.4
Hexes          | 1 2 3 5 6 8 |  8.4
Summonings     | 3 |  3.8
Translocations | 3 |  3.8
Fighting       | 4 |  4.3
Dodging        | 5 |  5.8
Stealth        | |  2.4

Action                   |  1- 3 |  4- 6 |  7- 9 || total
-------------------------+-------+-------+-------++-------
 Cast: Magic Dart        |    83 |   165 |   117 ||   365
       Searing Ray       |       |    12 |     6 ||    18
       Dazzling Spray    |       |     8 |    25 ||    33
       Fulminant Prism   |       |     4 |    35 ||    39
       Iskenderun's Myst |       |       |    11 ||    11
  Use: Scroll            |       |       |     9 ||     9
       Potion            |       |       |     1 ||     1
  Eat: Chunk             |     3 |    13 |     9 ||    25
       Royal jelly       |       |       |     2 ||     2
       Fruit             |       |       |     3 ||     3
Armor: Robe              |     1 |     4 |     1 ||     6
Dodge: Dodged            |     5 |    31 |    30 ||    66
